Map: Ruins of Seras

Players

ElChapo

  • Race: Protoss Protoss
  • League: Master

HTOMario - Winner!

  • Race: Terran Terran
  • League: Grandmaster

VOD

Have the link to the VOD?

Description

Time

  • Played on: Feb. 8, 2016, 2:47 p.m.
  • Length: 7:40
Show
View Real Time Build Order
Export as new Build Order

ElChapo Protoss 

Build Orders: Nexus First 

Get SALT Encoding   

  12  0:01  Probe (Chrono Boost)  
  13  0:12  Probe (Chrono Boost)  
  14  0:20  Pylon  
  14  0:22  Probe (Chrono Boost)  
  15  0:38  Probe (Chrono Boost)  
  16  0:48  Probe (Chrono Boost)  
  17  1:00  Nexus  
  17  1:10  Gateway  
  17  1:13  Probe (Chrono Boost)  
  18  1:23  Probe (Chrono Boost)  
  18  1:24  Assimilator  
  19  1:29  Assimilator  
  19  1:34  Probe (Chrono Boost)  
  20  1:44  Probe (Chrono Boost)  
  21  1:48  Assimilator  
  21  1:55  Probe (Chrono Boost)  
  21  2:00  Cybernetics Core  
  22  2:05  Probe (Chrono Boost)  
  22  2:07  Pylon  
  23  2:13  Probe (Chrono Boost)  
  23  2:16  Probe (Chrono Boost)  
  24  2:23  Probe (Chrono Boost)  
  24  2:26  Probe (Chrono Boost)  
  26  2:30  Forge  
  26  2:34  Probe (Chrono Boost)  
  26  2:36  Adept  
  30  2:39  Mothership Core (Chrono Boost)  
  31  2:44  Probe (Chrono Boost)  
  31  2:50  Protoss Ground Weapons Level 1 (Chrono Boost)  
  32  2:53  Pylon  
  32  2:55  Probe (Chrono Boost)  
  32  2:57  Probe (Chrono Boost)  
  34  3:04  Probe (Chrono Boost)  
  35  3:08  Probe  
  35  3:11  Warp Gate (Chrono Boost)  
  36  3:14  Robotics Facility  
  36  3:16  Probe  
  37  3:21  Probe  
  37  3:26  Adept  
  40  3:28  Probe  
  40  3:33  Probe  
  42  3:40  Probe  
  43  3:45  Probe  
  43  3:47  Pylon  
  44  3:52  Probe  
  45  3:57  Pylon, Probe  
  46  4:05  Warp Prism, Adept  
  46  4:08  Gateway  
  50  4:11  Gateway  
  50  4:16  Gateway  
  50  4:20  Gateway  
  50  4:27  Gateway  
  50  4:32  Adept  
  50  4:35  Gateway  
  39  4:58  Observer, Probe  
  41  5:00  Photon Cannon  
  41  5:03  Probe  
  42  5:12  Pylon  
  38  5:17  Probe  
  37  5:23  Adept x3  
  37  5:24  Warp Prism  
  37  5:28  Probe  
  40  5:30  Probe  
  41  5:40  Probe  
  41  5:42  Probe  
  38  5:56  Mothership Core  
  37  6:09  Probe  
  38  6:13  Pylon  
  36  6:22  Adept  
  36  6:23  Adept x2  
  42  6:35  Adept  
  39  6:47  Adept  
  39  6:56  Observer  
  39  7:00  Probe  
  41  7:02  Adept x2  
  34  7:28  Adept x3  
Show
View Real Time Build Order
Export as new Build Order

HTOMario Terran - Winner!

Build Orders: Liberator Opening 

Get SALT Encoding   

  12  0:01  SCV  
  13  0:13  SCV  
  14  0:18  Supply Depot  
  14  0:25  SCV  
  15  0:39  SCV  
  15  0:42  Barracks  
  16  0:46  Refinery  
  16  0:51  SCV  
  17  1:04  SCV  
  18  1:16  SCV  
  19  1:30  Orbital Command, Marine  
  20  1:46  Command Center  
  20  1:50  Marine  
  21  1:57  Supply Depot  
  21  2:00  SCV  
  22  2:12  Factory  
  22  2:15  Marine  
  22  2:18  SCV  
  24  2:31  SCV  
  24  2:32  Refinery  
  24  2:34  Barracks Reactor  
  25  2:43  SCV  
  26  2:55  SCV  
  27  2:59  Starport  
  27  3:00  Widow Mine  
  27  3:02  Orbital Command  
  29  3:07  SCV  
  29  3:11  Marine x2  
  32  3:13  Supply Depot  
  32  3:19  SCV  
  33  3:28  Widow Mine  
  33  3:29  Marine x2  
  33  3:31  SCV  
  37  3:38  Medivac  
  37  3:41  SCV  
  40  3:43  SCV  
  41  3:51  Liberator  
  41  3:53  SCV, Marine x2  
  45  3:55  SCV  
  45  4:00  Barracks  
  45  4:02  Barracks  
  45  4:03  Factory Tech Lab  
  48  4:13  SCV  
  49  4:18  Marine  
  49  4:21  SCV  
  49  4:22  Supply Depot  
  51  4:24  Cyclone  
  51  4:30  Supply Depot  
  54  4:40  SCV  
  54  4:44  SCV  
  55  4:52  SCV  
  55  4:56  SCV  
  56  5:00  Viking, Marine x3  
  56  5:02  Supply Depot  
  56  5:03  Supply Depot, Marauder, Widow Mine  
  56  5:04  Stimpack  
  65  5:08  SCV x2  
  67  5:17  Marine  
  67  5:20  SCV  
  64  5:22  SCV  
  59  5:28  Refinery x2  
  59  5:32  SCV  
  59  5:33  Marine x3  
  59  5:34  SCV  
  60  5:43  Marine  
  60  5:44  SCV  
  60  5:45  Widow Mine  
  60  5:46  Medivac  
  66  5:51  Marine x3  
  66  5:52  SCV  
  66  5:56  SCV  
  66  6:01  Marine  
  66  6:03  Barracks  
  67  6:04  Barracks  
  67  6:09  Marine x2  
  67  6:10  Marine  
  70  6:18  Marine  
  70  6:19  Command Center  
  70  6:21  SCV  
  70  6:25  Viking, Widow Mine  
  74  6:26  Marine  
  74  6:27  Marine  
  74  6:28  Marine  
  77  6:36  Marine  
  74  6:44  Marine x2  
  74  6:46  Marine  
  73  6:50  Marine  
  72  6:54  Marine  
  72  6:59  Marine  
  72  7:02  Marine x2  
  72  7:04  Marine  
  72  7:05  Widow Mine  
  72  7:07  Marine  
  77  7:12  Marine  
  78  7:17  Marine  
  78  7:20  Marine x2  
  78  7:22  Marine  
  78  7:26  SCV  
  78  7:27  SCV  
Tags
 
Add a new tag
Caveats
  • Supply blocks, unpowered buildings, or Contaminate may cause inaccurate times.
  • Supply counts are checked every 10 seconds.